[Event "ICC Open 2015"]
[Site "Internet Chess Club"]
[Date "2015.05.30"]
[Round "4"]
[White "LittlePeasant"]
[Black "EREBUNI"]
[Result "0-1"]
[ICCResult "White resigns"]
[WhiteElo "2761"]
[BlackElo "3031"]
[Opening "English opening"]
[ECO "A05"]
[NIC "RE.08"]
[Time "19:31:04"]
[TimeControl "180+0"]

1. Nf3 Nf6 2. c4 b6 3. g3 Bb7 4. Bg2 e6 5. O-O Be7 6. b3 O-O 7. e3 d5 8. Bb2
Nbd7 9. Qe2 c5 10. Rd1 dxc4 11. bxc4 Qc7 12. Nc3 a6 13. Rac1 Rac8 14. d3 h6
15. h3 Rfd8 16. g4 Bd6 17. Ne1 Bxg2 18. Kxg2 b5 19. Nb1 Qb7+ 20. Qf3 Qb6 21.
Nd2 Be5 22. Rb1 Bxb2 23. Rxb2 Ne5 24. Qe2 Qd6 25. cxb5 axb5 26. Ndf3 c4 27.
Nxe5 Qxe5 28. d4 Qd5+ 29. f3 Rb8 30. Rdb1 e5 31. Nc2 Re8 32. dxe5 Qxe5 33.
Nd4 Nd5 34. Nc6 Nf4+ 35. Kf1 Qd6 36. Qd1 Nd3 37. Nxb8 Qxb8 38. Kg2 Nxb2 39.
Rxb2 Rxe3 40. Qd4 Rd3 41. Qe5 Qxe5 {White resigns} 0-1

[Event "ICC Open 2015"]
[Site "Internet Chess Club"]
[Date "2015.05.30"]
[Round "4"]
[White "chessdjw"]
[Black "RobbieWilliams"]
[Result "1-0"]
[ICCResult "Black checkmated"]
[WhiteElo "2327"]
[BlackElo "1772"]
[Opening "Réti: King's Indian attack (Barcza system)"]
[ECO "A07"]
[NIC "QP.09"]
[Time "19:31:51"]
[TimeControl "180+0"]

1. Nf3 d5 2. g3 Bf5 3. Bg2 c6 4. O-O e6 5. d3 h6 6. Nbd2 Nd7 7. c4 Bc5 8. a3
a5 9. b3 Ngf6 10. Bb2 O-O 11. Qc2 Re8 12. e4 Bg6 13. e5 Ng4 14. h3 Nxf2 15.
Rxf2 Bxf2+ 16. Kxf2 Qb6+ 17. Bd4 c5 18. Bb2 dxc4 19. Nxc4 Qc7 20. Nfd2 Red8
21. Be4 Rac8 22. Bxg6 fxg6 23. Ne4 b5 24. Ncd6 Rb8 25. Kg2 Qc6 26. Rf1 Rf8
27. Rxf8+ Rxf8 28. Kh2 Qd5 29. Nxb5 Nxe5 30. Bxe5 Qxe5 31. h4 Rf3 32. Qe2
Qf5 33. Nbd6 Qf8 34. a4 h5 35. Kg2 Rf5 36. Nxf5 exf5 37. Ng5 Qa8+ 38. Kf2
Qh1 39. Qe8# {Black checkmated} 1-0

[Event "ICC Open 2015"]
[Site "Internet Chess Club"]
[Date "2015.05.30"]
[Round "4"]
[White "holderlin"]
[Black "pagoda"]
[Result "0-1"]
[ICCResult "White forfeits on time"]
[WhiteElo "1731"]
[BlackElo "1951"]
[Opening "Pirc: Ufimtsev-Pytel variation"]
[ECO "B07"]
[NIC "PU.08"]
[Time "19:31:06"]
[TimeControl "180+0"]

1. e4 d6 2. d4 Nf6 3. Nc3 c6 4. Nf3 Bg4 5. Be3 e6 6. h3 Bxf3 7. Qxf3 d5 8.
e5 Nfd7 9. a4 c5 10. Nb5 cxd4 11. Bxd4 Nc6 12. c3 a6 13. Nd6+ Bxd6 14. exd6
O-O 15. O-O-O Qa5 16. Qg4 Nxd4 17. Rxd4 Rac8 18. Bd3 e5 19. Rb4 Nf6 20. Qf5
Qxb4 21. Kb1 Rxc3 22. Bc2 Rfc8 23. Rc1 R3c6 24. d7 Rd8 {White forfeits on
time} 0-1

[Event "ICC Open 2015"]
[Site "Internet Chess Club"]
[Date "2015.05.30"]
[Round "4"]
[White "Danya"]
[Black "Sjelan"]
[Result "1-0"]
[ICCResult "Black resigns"]
[WhiteElo "3020"]
[BlackElo "2174"]
[Opening "Queen's pawn"]
[ECO "D11"]
[NIC "QO.17"]
[Time "19:32:08"]
[TimeControl "180+0"]

1. d4 c6 2. c4 Nf6 3. Nf3 d5 4. g3 Bf5 5. Nc3 e6 6. Nh4 Bg6 7. Nxg6 hxg6 8.
Qb3 Qb6 9. c5 Qc7 10. Bf4 Qc8 11. Bg2 Nbd7 12. e4 dxe4 13. Nxe4 Nxe4 14.
Bxe4 Nf6 15. Bg2 Be7 16. O-O-O Nd5 17. Bxd5 cxd5 18. Kb1 O-O 19. Rc1 Qc6 20.
h4 b6 21. cxb6 Qxb6 22. Qxb6 axb6 23. Rc6 Bf6 24. Be3 Rfb8 25. Rhc1 b5 26.
g4 b4 27. g5 Be7 28. Bf4 Rb7 29. b3 Kh7 30. Rc7 Raa7 31. Rxb7 Rxb7 32. Rc8
f6 33. Rc6 fxg5 34. hxg5 Bd8 35. Rxe6 Rf7 36. Be3 Rf5 37. Re5 Rxe5 38. dxe5
Kg8 39. e6 Bc7 40. Bc5 Bf4 41. Bxb4 Bxg5 42. a4 {Black resigns} 1-0

[Event "ICC Open 2015"]
[Site "Internet Chess Club"]
[Date "2015.05.30"]
[Round "4"]
[White "Mighty-Penguin"]
[Black "MARXVONAZULAY"]
[Result "1-0"]
[ICCResult "Black checkmated"]
[WhiteElo "2024"]
[BlackElo "1563"]
[Opening "QGA: Ericson variation"]
[ECO "D21"]
[NIC "QG.05"]
[Time "19:31:15"]
[TimeControl "180+0"]

1. d4 d5 2. c4 dxc4 3. Nf3 b5 4. a4 c6 5. g3 a6 6. Bg2 Bb7 7. O-O e6 8. b3
cxb3 9. Qxb3 Nf6 10. Nc3 Be7 11. Rd1 O-O 12. Ne5 Qc7 13. Bf4 Bd6 14. axb5
cxb5 15. Nxb5 axb5 16. Rxa8 Bxg2 17. Kxg2 Qb7+ 18. Qf3 Qb6 19. Raa1 b4 20.
Nc4 Qd8 21. Bxd6 Re8 22. Bxb4 Nc6 23. Bc5 Nd5 24. Ne5 Ncb4 25. Bxb4 Nxb4 26.
Rab1 Nc2 27. e3 h6 28. Qxf7+ Kh8 29. Ng6+ Kh7 30. Nf4 Rf8 31. Qg6+ Kg8 32.
Nxe6 Qd5+ 33. e4 Rxf2+ 34. Kxf2 Qa2 35. Qxg7# {Black checkmated} 1-0

[Event "ICC Open 2015"]
[Site "Internet Chess Club"]
[Date "2015.05.30"]
[Round "4"]
[White "rovov"]
[Black "josper05"]
[Result "1-0"]
[ICCResult "Black resigns"]
[WhiteElo "1600"]
[BlackElo "1328"]
[Opening "English: symmetrical variation"]
[ECO "A37"]
[NIC "EO.28"]
[Time "19:31:33"]
[TimeControl "180+0"]

1. Nf3 c5 2. c4 Nc6 3. g3 g6 4. Bg2 Bg7 5. Nc3 d6 6. O-O e5 7. d3 Nge7 8. a3
f5 9. Rb1 a5 10. Ne1 O-O 11. Nc2 Nd4 12. Nxd4 exd4 13. Nd5 Nxd5 14. Bxd5+
Kh8 15. b4 axb4 16. axb4 Qc7 17. Bf4 Qe7 18. Re1 g5 19. Bd2 f4 20. Qb3 fxg3
21. hxg3 Qf6 22. f3 g4 23. Kg2 gxf3+ 24. exf3 Be6 25. Rxe6 Qf5 26. Rbe1 Be5
27. bxc5 Bxg3 28. Kxg3 Rg8+ 29. Kf2 Qh3 30. Ke2 Rg5 {Black resigns} 1-0

[Event "ICC Open 2015"]
[Site "Internet Chess Club"]
[Date "2015.05.30"]
[Round "4"]
[White "jmkchess"]
[Black "yellow"]
[Result "1-0"]
[ICCResult "Black forfeits on time"]
[WhiteElo "1856"]
[BlackElo "1543"]
[Opening "Gedult's opening"]
[ECO "A00"]
[Time "19:31:37"]
[TimeControl "180+0"]

1. f3 b6 2. e4 Bb7 3. d4 e6 4. c4 d6 5. Nc3 Ne7 6. Bd3 g6 7. Nge2 Bg7 8. O-O
O-O 9. Bc2 f5 10. d5 e5 11. exf5 Nxf5 12. f4 exf4 13. Nxf4 Bxc3 14. bxc3 Nd7
15. Ne6 Qe7 16. Bg5 Nf6 17. Nxf8 Rxf8 18. Bxf5 gxf5 19. Rxf5 h6 20. Bxh6 Qe4
21. Bxf8 Qxf5 22. Bh6 Ne4 23. Qd4 Qe5 24. Qxe5 dxe5 25. Re1 Nxc3 26. Rxe5 b5
27. cxb5 Bxd5 28. Bd2 Ne4 29. Rxd5 Kf7 30. Rd7+ Ke6 31. Rxc7 Nxd2 32. Rxa7
Nc4 33. Rc7 Nb6 34. Rc6+ Kd5 35. Rxb6 Kc5 36. Rb8 Kd6 37. Rc8 Kd7 38. Rc1
{Black forfeits on time}
1-0

[Event "ICC Open 2015"]
[Site "Internet Chess Club"]
[Date "2015.05.30"]
[Round "4"]
[White "haimw"]
[Black "klodshans"]
[Result "0-1"]
[ICCResult "White checkmated"]
[WhiteElo "1882"]
[BlackElo "1675"]
[Opening "Modern defense: Averbakh system, Kotov variation"]
[ECO "A42"]
[NIC "KF.03"]
[Time "19:31:34"]
[TimeControl "180+0"]

1. d4 d6 2. c4 g6 3. Nc3 Bg7 4. e4 Nc6 5. Be3 e5 6. d5 Nce7 7. f3 f5 8. Bd3
f4 9. Bf2 Nf6 10. Nge2 a5 11. c5 g5 12. cxd6 cxd6 13. Bb5+ Bd7 14. O-O O-O
15. Qa4 Bxb5 16. Nxb5 Kh8 17. Rac1 Rc8 18. Rxc8 Nxc8 19. Rc1 Rg8 20. Nc7 Qe7
21. Qxa5 g4 22. Qa3 gxf3 23. gxf3 Bh6+ 24. Kh1 Nh5 25. Ne6 Bg5 26. Rc7 Qf6
27. Qa8 Ne7 28. Qxb7 Bh4 29. Bg1 Ng3+ 30. hxg3 Bxg3 31. Nxg3 Qh4+ 32. Kg2
Rxg3+ 33. Kf1 Qh3+ 34. Ke2 Qg2+ 35. Kd3 Rxf3+ 36. Kc4 Qc2+ 37. Kb5 Qxb2+ 38.
Ka6 Ra3# {White checkmated} 0-1

[Event "ICC Open 2015"]
[Site "Internet Chess Club"]
[Date "2015.05.30"]
[Round "4"]
[White "Cave-Man"]
[Black "Blondicheck"]
[Result "1-0"]
[ICCResult "Black resigns"]
[WhiteElo "1845"]
[BlackElo "1590"]
[Opening "Ruy Lopez: open (Tarrasch) defense"]
[ECO "C80"]
[NIC "RL.27"]
[Time "19:31:32"]
[TimeControl "180+0"]

1. e4 e5 2. Nf3 Nc6 3. Bb5 a6 4. Ba4 Nf6 5. O-O Nxe4 6. Re1 Nc5 7. Nxe5 Nxe5
8. Rxe5+ Ne6 9. d4 c6 10. c4 d6 11. Re1 Be7 12. d5 Nc5 13. Bc2 O-O 14. Nc3
cxd5 15. Nxd5 Bf6 16. Rb1 Be6 17. Bf4 Bxd5 18. Qxd5 Be7 19. b4 Nd7 20. Bxd6
Bxd6 21. Qxd6 Nf6 22. Qf4 Rc8 23. Rbd1 Qc7 24. Qxc7 Rxc7 25. Bb3 Rfc8 26. a4
b6 27. Rd6 Nd7 28. Red1 Nf8 29. Rxb6 a5 30. b5 Ne6 31. Rbd6 g6 32. g3 Nc5
33. Bc2 Re7 34. Rd8+ Rxd8 35. Rxd8+ Kg7 36. Rc8 Re1+ 37. Kg2 Rc1 38. Rxc5
Rxc2 39. b6 Rb2 40. Rb5 Rxb5 41. cxb5 {Black resigns} 1-0

[Event "ICC Open 2015"]
[Site "Internet Chess Club"]
[Date "2015.05.30"]
[Round "4"]
[White "PJJVenegas"]
[Black "Ramanip15"]
[Result "1-0"]
[ICCResult "Black resigns"]
[WhiteElo "2289"]
[BlackElo "1890"]
[Opening "Benoni defense"]
[ECO "A61"]
[NIC "BI.38"]
[Time "19:32:22"]
[TimeControl "180+0"]

1. d4 c5 2. d5 Nf6 3. c4 e6 4. Nc3 exd5 5. cxd5 d6 6. Nf3 g6 7. e3 Bg7 8.
Bb5+ Nbd7 9. a4 O-O 10. O-O a6 11. Bc4 Re8 12. Re1 Rb8 13. e4 Ng4 14. h3
Nge5 15. Bf1 Nxf3+ 16. Qxf3 Ne5 17. Qd1 Bd7 18. f4 Ng4 19. hxg4 Bd4+ 20. Be3
Qh4 21. Bxd4 cxd4 22. Qxd4 Bxg4 23. e5 Qg3 24. e6 fxe6 25. dxe6 Bxe6 26.
Rxe6 Rxe6 27. Bc4 Re8 28. Qe4 d5 29. Bxd5 Kg7 30. Bxe6 {Black resigns} 1-0

[Event "ICC Open 2015"]
[Site "Internet Chess Club"]
[Date "2015.05.30"]
[Round "4"]
[White "graccus"]
[Black "a-man"]
[Result "1-0"]
[ICCResult "Black forfeits on time"]
[WhiteElo "1352"]
[BlackElo "1442"]
[Opening "Richter-Veresov attack"]
[ECO "D01"]
[NIC "QP.07"]
[Time "19:31:43"]
[TimeControl "180+0"]

1. d4 Nf6 2. Bg5 d5 3. Nc3 e6 4. f3 Bb4 5. e4 dxe4 6. fxe4 O-O 7. e5 Bxc3+
8. bxc3 Kh8 9. exf6 gxf6 10. Bh4 Rg8 11. Qf3 Nd7 12. Nh3 c6 13. Bd3 Qb6 14.
Bxf6+ Nxf6 15. Qxf6+ Rg7 16. O-O c5 17. Ng5 cxd4 18. Nxf7+ Kg8 19. Nh6+ Kh8
20. Qf8+ {Black forfeits on time} 1-0

[Event "ICC Open 2015"]
[Site "Internet Chess Club"]
[Date "2015.05.30"]
[Round "4"]
[White "JustKid"]
[Black "Cristhian-ator"]
[Result "0-1"]
[ICCResult "White checkmated"]
[WhiteElo "2082"]
[BlackElo "2543"]
[Opening "Bogo-Indian defense, Nimzovich variation"]
[ECO "E11"]
[NIC "QI.01"]
[Time "19:31:17"]
[TimeControl "180+0"]

1. d4 Nf6 2. c4 e6 3. Nf3 Bb4+ 4. Bd2 Qe7 5. g3 Nc6 6. Nc3 d6 7. Bg2 O-O 8.
O-O e5 9. d5 Nb8 10. Qc2 a5 11. a3 Bxc3 12. Bxc3 a4 13. Rad1 Nbd7 14. Bb4 b6
15. e4 Nc5 16. Nd2 Bd7 17. f4 Rfe8 18. fxe5 dxe5 19. Rde1 g6 20. Bxc5 Qxc5+
21. Kh1 Ng4 22. Rf3 Nf2+ 23. Rxf2 Qxf2 24. Rf1 Qe2 25. Qc3 Qg4 26. Bf3 Qg5
27. c5 bxc5 28. Nc4 Bb5 29. Be2 Rab8 30. Qf3 Qe7 31. d6 cxd6 32. Rd1 Bxc4
33. Bxc4 Kg7 34. Rf1 f6 35. Qe2 Rb6 36. Bd5 Reb8 37. Rb1 f5 38. h4 f4 39.
gxf4 Qxh4+ 40. Kg1 Qxf4 41. Rf1 Qg3+ 42. Kh1 Rxb2 43. Rf7+ Kh6 44. Qf1 Qh2#
{White checkmated}
0-1

[Event "ICC Open 2015"]
[Site "Internet Chess Club"]
[Date "2015.05.30"]
[Round "4"]
[White "playwaycool"]
[Black "ayyadov"]
[Result "1-0"]
[ICCResult "Black resigns"]
[WhiteElo "2362"]
[BlackElo "2142"]
[Opening "Queen's pawn game"]
[ECO "D05"]
[NIC "QP.08"]
[Time "19:31:07"]
[TimeControl "180+0"]

1. d4 d5 2. Nf3 e6 3. e3 Nf6 4. Bd3 c5 5. Nbd2 Nc6 6. c3 Bd6 7. Qe2 O-O 8.
dxc5 Bxc5 9. e4 e5 10. exd5 Nxd5 11. Ne4 Be7 12. Bc4 Nb6 13. Bb3 Na5 14.
Nxe5 Nxb3 15. axb3 Qd5 16. Nc4 Nxc4 17. Qxc4 Qxc4 18. bxc4 Re8 19. O-O Bf5
20. Re1 Bc5 21. b4 Bxe4 22. bxc5 Bd3 23. Rxe8+ Rxe8 24. Be3 a6 25. Ra4 Be4
26. Rb4 Bc6 27. Kf1 a5 28. Rb1 a4 29. Ra1 Re4 30. Rd1 h6 31. Rd4 a3 32. Bc1
a2 33. Bb2 Re8 34. Ba1 Ba4 35. Rd2 Bb3 36. f3 Bxc4+ 37. Kf2 Ra8 38. Rb2 Bd5
39. Rb4 Bc6 40. Ke3 Re8+ 41. Kf2 Rd8 42. Rd4 Re8 43. g3 Ra8 44. Rb4 Rd8 45.
Rd4 Re8 46. h4 Re6 47. g4 Rf6 48. f4 g5 49. hxg5 hxg5 50. f5 Rh6 51. c4 Rh2+
52. Kg3 Rh1 53. Rd8+ {Black resigns} 1-0

[Event "ICC Open 2015"]
[Site "Internet Chess Club"]
[Date "2015.05.30"]
[Round "4"]
[White "JArookie"]
[Black "brizito"]
[Result "0-1"]
[ICCResult "White forfeits on time"]
[WhiteElo "1890"]
[BlackElo "1687"]
[Opening "Sicilian: Labourdonnais-Löwenthal variation"]
[ECO "B32"]
[NIC "SI.32"]
[Time "19:31:28"]
[TimeControl "180+0"]

1. e4 c5 2. Nf3 Nc6 3. d4 cxd4 4. Nxd4 e5 5. Nb5 a6 6. N5c3 Nf6 7. Bg5 Bc5
8. Nd2 O-O 9. Nd5 Be7 10. Bxf6 Bxf6 11. Be2 d6 12. O-O Be6 13. Nc4 Nd4 14.
Nce3 Bg5 15. c3 Nxe2+ 16. Qxe2 Rc8 17. Rad1 Bxe3 18. Nxe3 Bxa2 19. Nf5 Rc6
20. Qg4 g6 21. Rd2 Be6 22. Rfd1 Kh8 23. Nxd6 Rxd6 24. Rxd6 Qxd6 25. Rxd6
Bxg4 26. f3 Be6 27. Rb6 Bc8 28. Kf2 Rd8 29. Ke2 Kg8 30. g3 Kf8 31. h4 Ke7
32. g4 h5 33. gxh5 gxh5 34. Rh6 b5 35. Rxh5 a5 36. Rxe5+ Kf6 37. Rc5 Be6 38.
Ke3 b4 39. cxb4 axb4 {White forfeits on time} 0-1

[Event "ICC Open 2015"]
[Site "Internet Chess Club"]
[Date "2015.05.30"]
[Round "4"]
[White "PeritoGeral"]
[Black "Werewolf"]
[Result "1-0"]
[ICCResult "Black checkmated"]
[WhiteElo "2016"]
[BlackElo "2191"]
[Opening "Scotch gambit"]
[ECO "C44"]
[NIC "SO.06"]
[Time "19:31:29"]
[TimeControl "180+0"]

1. e4 e5 2. Nf3 Nc6 3. d4 exd4 4. Bc4 Bb4+ 5. c3 dxc3 6. O-O d6 7. a3 Ba5 8.
Qb3 Qf6 9. Nxc3 Bxc3 10. Bg5 Qg6 11. Qxc3 Nge7 12. e5 O-O 13. Bxe7 Nxe7 14.
Bd3 Bf5 15. Nh4 Qg5 16. Nxf5 Nxf5 17. f4 Qh5 18. Qxc7 Ne3 19. Rf3 Nd5 20.
Qxb7 Nb6 21. Rh3 Qg4 22. Bxh7+ Kh8 23. Bf5+ Qxh3 24. Bxh3 dxe5 25. fxe5 Rab8
26. Qe4 g6 27. e6 Kg7 28. Qd4+ f6 29. Rf1 Rbe8 30. Qc5 f5 31. Qc7+ Kf6 32.
Qxa7 Nd5 33. Qd4+ Kxe6 34. Re1+ Kd6 35. Rd1 Re5 36. g3 Rfe8 37. Qd2 Ke6 38.
Bg2 Ne3 39. Qd7+ Kf6 40. Rd6+ Kg5 41. Qf7 R5e6 42. Rxe6 Rxe6 43. Qxe6 Ng4
44. Bf3 Nh6 45. h4# {Black checkmated} 1-0

[Event "ICC Open 2015"]
[Site "Internet Chess Club"]
[Date "2015.05.30"]
[Round "4"]
[White "QuieroAprender"]
[Black "ErnestoRondon"]
[Result "0-1"]
[ICCResult "White forfeits on time"]
[WhiteElo "1454"]
[BlackElo "1876"]
[Opening "Sicilian: O'Kelly variation"]
[ECO "B28"]
[NIC "SI.43"]
[Time "19:31:02"]
[TimeControl "180+0"]

1. e4 c5 2. Nf3 a6 3. d4 cxd4 4. Nxd4 e5 5. Nf3 Nf6 6. Bd3 d5 7. exd5 e4 8.
Qe2 Qxd5 9. Bc4 Qc6 10. Ne5 Qc7 11. Bxf7+ Ke7 12. Bf4 Nc6 13. Ng6+ hxg6 14.
Bxc7 Kxf7 15. Qc4+ Be6 16. Qe2 Rc8 17. Bb6 Nd5 18. Be3 Bd6 19. c3 Nf6 20. h3
b5 21. Nd2 Rce8 22. Nb3 Ne5 23. O-O-O Bc4 24. Qd2 Bd3 25. Bd4 Nc4 26. Qe1
Bf4+ 27. Be3 Nxe3 28. fxe3 Bh6 29. Nc5 Rd8 30. Nxd3 exd3 31. Qf1 Bxe3+ 32.
Kb1 d2 33. Qf3 Bh6 34. Rhf1 Rhe8 35. g4 Re5 36. h4 Be3 37. g5 Rd6 38. gxf6
gxf6 39. Qb7+ Re7 40. Qf3 Rde6 41. Qd5 f5 42. h5 f4 43. hxg6+ Kxg6 44. Qg2+
Kf7 45. Rh1 Rg6 46. Rh7+ Kf6 47. Qxg6+ Kxg6 {White forfeits on time} 0-1

[Event "ICC Open 2015"]
[Site "Internet Chess Club"]
[Date "2015.05.30"]
[Round "4"]
[White "Ira57"]
[Black "bigali"]
[Result "1-0"]
[ICCResult "Black forfeits on time"]
[WhiteElo "1914"]
[BlackElo "1656"]
[Opening "Queen's pawn game"]
[ECO "D05"]
[NIC "QP.08"]
[Time "19:31:08"]
[TimeControl "180+0"]

1. d4 d5 2. Nf3 e6 3. e3 Nf6 4. b3 c5 5. Bb2 cxd4 6. exd4 Be7 7. Bd3 O-O 8.
O-O Nc6 9. Nbd2 a6 10. a3 b5 11. Rc1 Bb7 12. c4 dxc4 13. bxc4 bxc4 14. Nxc4
Rc8 15. Qe2 Nd5 16. g3 Na5 17. Nfe5 Nf6 18. h4 Nb3 19. Rb1 Qd5 20. f3 Rc7
21. Kh2 Nxd4 22. Qd1 Rd8 23. Bc3 Bc5 24. Ba5 Rcd7 25. Bxd8 Rxd8 26. Kg2 h6
27. Re1 Nd7 28. Be4 {Black forfeits on time} 1-0

[Event "ICC Open 2015"]
[Site "Internet Chess Club"]
[Date "2015.05.30"]
[Round "4"]
[White "Schack"]
[Black "Asmodeus"]
[Result "0-1"]
[ICCResult "White resigns"]
[WhiteElo "1644"]
[BlackElo "1915"]
[Opening "QGD: exchange, positional line"]
[ECO "D35"]
[NIC "QO.16"]
[Time "19:31:55"]
[TimeControl "180+0"]

1. d4 Nf6 2. c4 e6 3. Nc3 d5 4. cxd5 exd5 5. Bg5 Be7 6. Qc2 c6 7. e3 Nbd7 8.
Nf3 Nf8 9. Bd3 Ng6 10. O-O O-O 11. Rab1 Bg4 12. Bxg6 hxg6 13. Ne5 Bf5 14. e4
dxe4 15. Be3 Rc8 16. b4 Nd5 17. Nxd5 cxd5 18. Qa4 a6 19. b5 axb5 20. Qxb5 f6
21. g4 fxe5 22. gxf5 exd4 23. Bxd4 Rxf5 24. Qxb7 Rg5+ 25. Kh1 Rh5 26. Rg1
Qc7 27. Qxc7 Rxc7 28. Rb8+ Kf7 29. Be5 Rd7 30. Rb6 Rxe5 31. Rbxg6 Bf6 32. a4
d4 33. Re1 d3 34. a5 Rxa5 {White resigns} 0-1

[Event "ICC Open 2015"]
[Site "Internet Chess Club"]
[Date "2015.05.30"]
[Round "4"]
[White "kingmate"]
[Black "chessrex"]
[Result "0-1"]
[ICCResult "White checkmated"]
[WhiteElo "2530"]
[BlackElo "2112"]
[Opening "Philidor: Philidor counter-gambit, Zukertort variation"]
[ECO "C41"]
[NIC "KP.08"]
[Time "19:31:12"]
[TimeControl "180+0"]

1. e4 e5 2. Nf3 d6 3. d4 f5 4. Nc3 fxe4 5. Nxe4 d5 6. Ng3 e4 7. Ne5 Nf6 8.
Bg5 Be7 9. c4 c6 10. Be2 O-O 11. O-O Be6 12. Qb3 Qb6 13. c5 Qxb3 14. axb3
Nbd7 15. Nxd7 Bxd7 16. b4 a6 17. h3 h6 18. Bf4 Nh7 19. Be5 Bf6 20. f4 exf3
21. Bxf3 Bxe5 22. dxe5 Rae8 23. Rae1 Ng5 24. Bh5 Rxf1+ 25. Kxf1 Re7 26. h4
Nf7 27. Bxf7+ Kxf7 28. Kf2 Bg4 29. Nf1 d4 30. Nd2 Ke6 31. Kg3 h5 32. Kf4 Kd5
33. Ne4 d3 34. Nc3+ Kc4 35. Re4+ Kb3 36. Ke3 Kxb2 37. Kd2 Bf5 38. Re3 g6 39.
Na4+ Kb3 40. Nb6 Kxb4 41. Re1 Kxc5 42. Na4+ Kd4 43. Rb1 b5 44. Nc3 c5 45.
Ra1 Re6 46. Ra5 b4 47. Na4 c4 48. Nc5 c3+ 49. Ke1 d2+ 50. Kd1 Bg4+ 51. Kc2
d1=Q# {White checkmated} 0-1

[Event "ICC Open 2015"]
[Site "Internet Chess Club"]
[Date "2015.05.30"]
[Round "4"]
[White "Sauerkraut"]
[Black "supermouse"]
[Result "0-1"]
[ICCResult "White forfeits on time"]
[WhiteElo "2878"]
[BlackElo "2704"]
[Opening "Robatsch (modern) defense"]
[ECO "B07"]
[NIC "VO.17"]
[Time "19:31:20"]
[TimeControl "180+0"]

1. e4 d6 2. d4 g6 3. Nc3 Bg7 4. h3 c6 5. a4 Nd7 6. Nge2 e5 7. Be3 Ne7 8. g4
O-O 9. g5 d5 10. exd5 Nxd5 11. Nxd5 cxd5 12. Bg2 exd4 13. Nxd4 Ne5 14. b3
Re8 15. O-O Nc6 16. Qd2 Nxd4 17. Bxd4 Bxd4 18. Qxd4 Qxg5 19. f4 Qh4 20. Qf2
Qh5 21. Rad1 Bxh3 22. Rxd5 Qh6 23. Rfd1 Bxg2 24. Kxg2 b6 25. c4 Rac8 26.
R1d2 Rc6 27. Qd4 Rce6 28. Rd8 Qh4 29. Rxe8+ Rxe8 30. Qd7 Re7 31. Qd8+ Kg7
32. Qd4+ f6 33. Qd6 Rf7 34. Rd4 Qg4+ 35. Kf2 h5 36. Rd3 h4 37. Rf3 h3 38.
Rg3 Qh4 39. Qd5 h2 {White forfeits on time} 0-1

[Event "ICC Open 2015"]
[Site "Internet Chess Club"]
[Date "2015.05.30"]
[Round "4"]
[White "bythebook"]
[Black "JCarllsen"]
[Result "0-1"]
[ICCResult "White forfeits on time"]
[WhiteElo "1643"]
[BlackElo "1919"]
[Opening "Caro-Kann: Panov-Botvinnik attack"]
[ECO "B13"]
[NIC "CK.03"]
[Time "19:32:05"]
[TimeControl "180+0"]

1. e4 c6 2. d4 d5 3. exd5 cxd5 4. c4 Nf6 5. Nc3 Be6 6. c5 g6 7. Nf3 Bg7 8.
b4 O-O 9. Bd3 b6 10. O-O a5 11. bxa5 bxc5 12. dxc5 Qxa5 13. Nb5 Ne4 14. Rb1
Nxc5 15. Be2 Qxa2 16. Be3 Nba6 17. Bxc5 Nxc5 18. Nc7 Rab8 19. Rc1 Nb3 20.
Rc2 Qa5 21. Nxe6 fxe6 {White forfeits on time} 0-1

[Event "ICC Open 2015"]
[Site "Internet Chess Club"]
[Date "2015.05.30"]
[Round "4"]
[White "VerdeNotte"]
[Black "Spirals"]
[Result "1-0"]
[ICCResult "Black checkmated"]
[WhiteElo "2868"]
[BlackElo "2118"]
[Opening "Sicilian: closed, 2...Nc6"]
[ECO "B23"]
[NIC "SI.44"]
[Time "19:31:06"]
[TimeControl "180+0"]

1. e4 c5 2. Nc3 Nc6 3. Bb5 e6 4. Bxc6 bxc6 5. d3 d5 6. f4 Ba6 7. Nf3 c4 8.
d4 Nf6 9. e5 Nd7 10. O-O Be7 11. Ng5 O-O 12. Qh5 h6 13. Rf3 Qe8 14. Rg3 Bxg5
15. fxg5 f5 16. g6 f4 17. Rf3 Rf5 18. Qg4 Rg5 19. Qh3 Qxg6 20. Bxf4 Rg4 21.
Raf1 Rf8 22. Be3 Rxf3 23. Qxf3 c5 24. Ne2 cxd4 25. Bxd4 c3 26. Bxc3 Re4 27.
Nf4 Qf5 28. Nd3 Qxf3 29. gxf3 Bxd3 30. fxe4 Bxf1 31. Kxf1 dxe4 32. Ke2 g5
33. Ke3 Kf7 34. Kxe4 Kg6 35. Bd4 a6 36. c4 h5 37. b4 g4 38. b5 axb5 39. cxb5
h4 40. Bf2 g3 41. Bxg3 hxg3 42. hxg3 Nc5+ 43. Kd4 Nb7 44. a4 Kf5 45. b6 Kg4
46. Kc4 Kxg3 47. Kb5 Kf4 48. Kc6 Na5+ 49. Kb5 Nb7 50. a5 Kxe5 51. a6 Nd6+
52. Kc6 Nc4 53. b7 Na5+ 54. Kb5 Nxb7 55. axb7 Kd6 56. b8=Q+ Kd5 57. Qd8+ Ke5
58. Kc4 Kf5 59. Kd4 e5+ 60. Ke3 e4 61. Qd5+ Kf6 62. Kxe4 Ke7 63. Qc6 Kd8 64.
Qb7 Ke8 65. Ke5 Kf8 66. Kf6 Kg8 67. Qg7# {Black checkmated} 1-0

[Event "ICC Open 2015"]
[Site "Internet Chess Club"]
[Date "2015.05.30"]
[Round "4"]
[White "Red-white"]
[Black "Massarioli"]
[Result "1-0"]
[ICCResult "Black resigns"]
[WhiteElo "3091"]
[BlackElo "2148"]
[Opening "Réti opening"]
[ECO "A11"]
[NIC "QP.09"]
[Time "19:32:19"]
[TimeControl "180+0"]

1. Nf3 d5 2. c4 c6 3. e3 Nf6 4. Nc3 g6 5. d4 Bg7 6. Be2 a6 7. O-O O-O 8. b3
b5 9. Bb2 Bb7 10. Qc2 Nbd7 11. Rfd1 Re8 12. Rac1 Qb8 13. h3 b4 14. Na4 a5
15. Ne5 Nxe5 16. dxe5 Nd7 17. f4 e6 18. Bd4 Bf8 19. cxd5 cxd5 20. Bb5 Rc8
21. Qe2 Rxc1 22. Rxc1 Qd8 23. Bxd7 Qxd7 24. Nb6 Qd8 25. Nxa8 Qxa8 26. h4 h5
27. g4 Ba6 28. Qg2 hxg4 29. h5 Bd3 30. hxg6 Bxg6 31. Qxg4 Be7 32. f5 exf5
33. Qg2 Qd8 34. e6 Bf6 35. exf7+ Kxf7 36. Rc6 {Black resigns} 1-0

[Event "ICC Open 2015"]
[Site "Internet Chess Club"]
[Date "2015.05.30"]
[Round "4"]
[White "lemanofzorn"]
[Black "DropZone"]
[Result "0-1"]
[ICCResult "White checkmated"]
[WhiteElo "1432"]
[BlackElo "2019"]
[Opening "Benkö gambit accepted"]
[ECO "A58"]
[NIC "BI.41"]
[Time "19:32:18"]
[TimeControl "180+0"]

1. d4 c5 2. d5 Nf6 3. c4 b5 4. cxb5 a6 5. bxa6 Bxa6 6. Nc3 g6 7. e4 Bxf1 8.
Kxf1 d6 9. Nf3 Bg7 10. g3 Nbd7 11. Kg2 O-O 12. Re1 Qa5 13. Bd2 Rfb8 14. Qc2
Qa6 15. a4 Ng4 16. Nb5 Rb7 17. Bc3 Nge5 18. Nxe5 Nxe5 19. f4 Nd7 20. Bxg7
Kxg7 21. e5 Nb6 22. exd6 exd6 23. Nxd6 Rd7 24. Qxc5 Rad8 25. Qb5 Qxb5 26.
Nxb5 Rxd5 27. Re7 Rd2+ 28. Kh3 Rxb2 29. Rb7 Nc4 30. a5 h5 31. a6 Rdd2 32.
Kh4 Kh6 33. h3 Ne3 34. a7 Nf5# {White checkmated} 0-1

[Event "ICC Open 2015"]
[Site "Internet Chess Club"]
[Date "2015.05.30"]
[Round "4"]
[White "Govindan"]
[Black "jewels2"]
[Result "0-1"]
[ICCResult "White forfeits on time"]
[WhiteElo "1453"]
[BlackElo "1326"]
[Opening "Two knights defense (Modern bishop's opening)"]
[ECO "C55"]
[NIC "IG.01"]
[Time "19:30:58"]
[TimeControl "180+0"]

1. e4 e5 2. Nf3 Nc6 3. Bc4 Nf6 4. d3 Bb4+ 5. c3 Be7 6. O-O d6 7. Bb3 Na5 8.
Bc2 c5 9. a3 Be6 10. b4 Nc6 11. bxc5 dxc5 12. Be3 b6 13. Nbd2 O-O 14. Bb3
Qxd3 15. Bxe6 fxe6 16. Qa4 Rac8 17. Rfd1 Qd7 18. Nc4 Qc7 19. Qc2 b5 20. Nb2
c4 21. a4 a6 22. axb5 axb5 23. Ra6 Ng4 24. Bb6 Qb7 25. Rda1 Nb8 26. h3 Nf6
27. Ra7 Qxb6 28. Rxe7 Qd6 29. Raa7 Nbd7 30. Rexd7 Nxd7 31. Ng5 Rc7 32. Ra8
Rxa8 33. Qe2 Ra1+ 34. Kh2 Nc5 35. Qh5 h6 36. Qe8+ Qf8 {White forfeits on
time} 0-1